 Dungeon Crawl Stone Soup version 0.19.1 (webtiles) character file.

625 Lilleppy the Twirler (level 7, -5/60 HPs)
             Began as a Minotaur Gladiator on Dec 15, 2016.
             Killed from afar by Dowan (20 damage)
             ... with a stone arrow
             ... on level 4 of the Dungeon.
             The game lasted 00:05:27 (2191 turns).

Lilleppy the Twirler (Minotaur Gladiator)           Turns: 2191, Time: 00:05:29

Health: -5/60      AC:  7    Str: 20    XL:     7   Next: 23%
Magic:  6/6        EV: 12    Int:  5    God:
Gold:   156        SH:  0    Dex: 12    Spells: 0 memorised, 6 levels left

rFire  . . .     SeeInvis .     q - +4 quarterstaff (chaos)
rCold  . . .     Gourm    .     b - +0 scale mail
rNeg   . . .     Faith    .     (shield currently unavailable)
rPois  .         Spirit   .     c - +0 hat
rElec  .         Reflect  .     (no cloak)
rCorr  .         Harm     .     (no gloves)
MR     .....                    (no boots)
Stlth  ..........               (no amulet)
                                (no ring)
                                (no ring)

@: no status effects
A: retaliatory headbutt, horns 2
a: no special abilities


You were on level 4 of the Dungeon.
You were not hungry.

You visited 1 branch of the dungeon, and saw 4 of its levels.

You collected 156 gold pieces.

Inventory:

Hand Weapons
 q - a +4 quarterstaff of chaos (weapon)
 u - a +1 whip of electrocution
Missiles
 d - 3 throwing nets (quivered)
Armour
 b - a +0 scale mail (worn)
 c - a +0 hat (worn)
 r - a +0 cloak
Jewellery
 p - a +2 ring of intelligence {unknown}
Wands
 s - a wand of random effects (27/48)
Scrolls
 a - a scroll of enchant weapon {unknown}
 e - a scroll of random uselessness {unknown}
 g - 2 scrolls of blinking {unknown}
 j - a scroll of noise {unknown}
 k - 2 scrolls of recharging {unknown}
 l - 3 scrolls of remove curse {unknown}
 m - a scroll of magic mapping {unknown}
 n - 6 scrolls of identify {unknown}
Potions
 i - 4 potions of curing {unknown}
 t - 2 potions of mutation {unknown}
Comestibles
 f - 3 bread rations
 h - 3 meat rations
 o - a slice of pizza
 v - 2 fruits


   Skills:
 + Level 4.6 Fighting
 + Level 7.0 Staves
 + Level 2.0 Throwing
 + Level 4.2 Armour
 + Level 4.7 Dodging
 + Level 0.5 Stealth


You had 6 spell levels left.
You didn't know any spells.

Dungeon Overview and Level Annotations

Branches:
Dungeon (4/15)
 Temple: D:4-7

Altars:
Elyvilon
Nemelex Xobeh

Shops:
D:4 [

Annotations:
D:4 Dowan


Innate Abilities, Weirdness & Mutations

You reflexively headbutt those who attack you in melee.
You have a pair of horns on your head.


Message History

You sock Duvessa! Your headbutt misses Duvessa.
Duvessa is almost dead.
Duvessa barely misses you.
You closely miss Duvessa. You headbutt Duvessa.
Duvessa is almost dead.
Duvessa misses you.
You sock Duvessa!
There is a sudden explosion of sparks!
You kill Duvessa!
Dowan's eyes darken. "You have made a black mistake."
Dowan seems to find hidden reserves of power!
Your Staves skill increases to level 7!
Your Armour skill increases to level 4!
Dowan breathes, "And she was my only..."
You sock Dowan!
Dowan looks as sick as possible!
Dowan is heavily wounded.
Dowan casts a spell at you. The stone arrow hits you!
* * * LOW HITPOINT WARNING * * *
Dowan points at you and mumbles some strange words.
The stone arrow hits you!
You die...

. ... ..### ... ####
..... ..# #... ."....
#..###########...
!.....###..............8#
#.......#............##.#
#.#..........).8.∩.
####)@.>..........##.#
#....e#...........†.8#
......#.........†...#..#
###.#.#.............####
<..#.#.......^.....# #.#
#.#.....####'#### #.
#....##.#<...#
#######.###### ...


You could see Dowan.

Vanquished Creatures
  Sigmund (D:4)
  Duvessa (D:4)
  An orc priest (D:3)
  A hound (D:4)
  An orc wizard (D:3)
  Crazy Yiuf (D:3)
  Natasha (thrice) (D:3)
  A worker ant (D:4)
  8 adders
  2 oozes (D:1)
  A dart slug (D:2)
  3 leopard geckos
  9 orcs (D:3)
  A ball python (D:1)
  8 bats
  4 giant cockroaches
  4 goblins
  7 hobgoblins
  4 jackals (D:3)
  7 frilled lizards
  5 kobolds
  6 rats
79 creatures vanquished.

Notes
Turn   | Place    | Note
-------+----------+-------------------------------------------
     0 | D:1      | Lilleppy the Minotaur Gladiator began the quest for the Orb.
     0 | D:1      | Reached XP level 1. HP: 18/18 MP: 0/0
   101 | D:1      | Reached XP level 2. HP: 19/25 MP: 1/1
   194 | D:1      | Reached skill level 4 in Staves
   260 | D:1      | Reached XP level 3. HP: 30/30 MP: 2/2
   648 | D:2      | Reached skill level 1 in Armour
   701 | D:2      | Found a white marble altar of Elyvilon.
   964 | D:3      | Reached XP level 4. HP: 33/38 MP: 3/3
  1551 | D:3      | Noticed Natasha
  1555 | D:3      | Killed Natasha
  1555 | D:3      | Reached skill level 5 in Staves
  1615 | D:3      | Reached XP level 5. HP: 44/45 MP: 4/4
  1621 | D:3      | Noticed Natasha
  1627 | D:3      | Killed Natasha
  1695 | D:3      | Found a runed door.
  1699 | D:3      | Noticed Crazy Yiuf
  1704 | D:3      | Killed Crazy Yiuf
  1772 | D:3      | Noticed Natasha
  1778 | D:3      | Killed Natasha
  1829 | D:3      | Reached XP level 6. HP: 28/52 MP: 5/5
  1912 | D:3      | Found a sparkling altar of Nemelex Xobeh.
  2134 | D:4      | Noticed Sigmund
  2138 | D:4      | Found Heazoczu's Armour Shoppe.
  2147 | D:4      | Reached skill level 6 in Staves
  2152 | D:4      | Killed Sigmund
  2152 | D:4      | Reached XP level 7. HP: 15/60 MP: 6/6
  2181 | D:4      | Noticed Duvessa
  2182 | D:4      | Noticed Dowan
  2190 | D:4      | Killed Duvessa
  2190 | D:4      | Reached skill level 7 in Staves
  2191 | D:4      | Killed from afar by Dowan

Skill      XL: |  1  2  3  4  5  6  7 |
---------------+----------------------+-----
Staves         | 4 5 6 7 |  7.0
Dodging        | 4 |  4.7
Fighting       | 3 4 |  4.6
Armour         | 1 2 3 4 |  4.2
Throwing       | |  2.0
Stealth        | |  0.5

Action                   |  1- 3 |  4- 6 |  7- 9 || total
-------------------------+-------+-------+-------++-------
Melee: Quarterstaff      |    56 |    81 |     5 ||   142
       Headbutt          |     7 |    18 |     2 ||    27
  Eat: Bread ration      |       |     1 |       ||     1
Armor: Leather armour    |    29 |       |       ||    29
       Ring mail         |    10 |     3 |       ||    13
       Scale mail        |       |    27 |     1 ||    28
Dodge: Dodged            |    78 |    61 |     2 ||   141
